 Dungeon Crawl Stone Soup version 0.20-a0-642-g4ff03ff (webtiles) character file.

1170 Messajah the Archer (level 8, -2/61 HPs)
             Began as a Centaur Hunter on Feb 14, 2017.
             Was a Believer of Okawaru.
             Slain by a killer bee (3 damage)
             ... on level 6 of the Dungeon.
             The game lasted 00:22:58 (7038 turns).

Messajah the Archer (Centaur Hunter)                Turns: 7038, Time: 00:22:59

Health: -2/61      AC:  5    Str: 17    XL:     8   Next: 17%
Magic:  0/8        EV:  9    Int: 10    God:    Okawaru [**....]
Gold:   256        SH:  0    Dex: 10    Spells: 7/7 levels left

rFire    . . .     SeeInvis .   a - +1 shortbow
rCold    + . .     Gourm    .   c - +0 leather armour
rNeg     . . .     Faith    .   (shield currently unavailable)
rPois    .         Spirit   +   (no helmet)
rElec    .         Reflect  .   e - scarf {rC+}
rCorr    .         Harm     .   G - +0 pair of gloves
MR       .....                  (no barding)
Stlth    ..........             R - amulet of guardian spirit
Regen    0.2/turn               D - ring of flight
MPRegen  0.2/turn               q - ring of loudness (curse)

@: lethally poisoned (-2 -> -13), very quick
A: hooves 3, deformed body, speed 2, tough skin 3
a: Heroism, Renounce Religion, Evoke Flight


You were on level 6 of the Dungeon.
You worshipped Okawaru.
Okawaru was pleased with you.
You were hungry.

You visited 1 branch of the dungeon, and saw 6 of its levels.

You collected 256 gold pieces.

Inventory:

Hand Weapons
 a - a +1 shortbow (weapon)
 b - a +0 short sword
 t - a +0 blowgun
 P - a +0 great sword
 S - a +0 trident of venom
Missiles
 d - 117 arrows (quivered)
 h - 3 tomahawks of returning
 B - 7 javelins
 F - 12 poisoned needles
 J - 15 sling bullets
Armour
 c - a +0 leather armour (worn)
 e - a scarf of cold resistance (worn)
 A - a +0 buckler
 C - a +0 chain mail
 E - a +0 ring mail
 G - a +0 pair of gloves (worn)
 L - a +0 chain mail
 N - a +1 robe of the Archmagi
Jewellery
 q - a cursed ring of loudness (left hand)
 D - a ring of flight (right hand)
 R - an amulet of guardian spirit (around neck)
Wands
 M - a wand of iceblast (5/15)
Scrolls
 g - a scroll of recharging {unknown}
 m - 3 scrolls of remove curse {unknown}
 n - 3 scrolls of teleportation {unknown}
 p - 9 scrolls of identify {unknown}
 r - 2 scrolls of magic mapping {unknown}
 u - a scroll of random uselessness {unknown}
 v - a scroll of blinking {unknown}
 z - a scroll of enchant weapon {unknown}
 I - a scroll of immolation {unknown}
 O - 3 scrolls of amnesia {unknown}
Potions
 i - a potion of ambrosia {unknown}
 j - a potion of berserk rage {unknown}
 o - 5 potions of curing {unknown}
 s - a potion of flight {unknown}
 w - 3 potions of lignification {unknown}
 x - a potion of cancellation {unknown}
 K - a potion of might {unknown}
Books
 y - a book of Conjurations

   Spells                             Type                      Level
   a - Magic Dart                     Conjuration                  1
   b - Searing Ray                    Conjuration                  2
   c - Dazzling Spray                 Conjuration/Hexes            3
   d - Fulminant Prism                Conjuration/Hexes            4
   e - Force Lance                    Conjuration/Translocation    4
   f - Iskenderun's Mystic Blast      Conjuration                  4
 H - a book of Maledictions

   Spells                             Type                      Level
   a - Corona                         Hexes                        1
   b - Ensorcelled Hibernation        Hexes/Ice                    2
   c - Confuse                        Hexes                        3
   d - Tukima's Dance                 Hexes                        3
   e - Dazzling Spray                 Conjuration/Hexes            3
Comestibles
 f - 3 bread rations
 k - a meat ration
 l - 2 royal jellies


   Skills:
 - Level 2.0 Fighting
 + Level 13.2 Bows
 - Level 1.3 Dodging
 - Level 0.4 Stealth


You had 7 spell levels left.
You didn't know any spells.

Dungeon Overview and Level Annotations

Branches:
Dungeon (6/15)
 Temple: D:4-7

Altars:
Elyvilon
Fedhas
Hepliaklqana
Okawaru
Sif Muna
Uskayaw


Innate Abilities, Weirdness & Mutations

You have hooves in place of feet.
Armour fits poorly on your strangely shaped body.
You cover ground very quickly.
You have extremely tough skin. (AC +3)


Message History

You feel sick.
* * * LOW HITPOINT WARNING * * *
You feel sick.
The killer bee stings you but does no damage. x2
* * * LOW HITPOINT WARNING * * *
You feel sick.
You are too injured to fight recklessly!
Firing (i - inventory. (,) - cycle):
d - 118 arrows (quivered)
Press: ? - help, Shift-Dir - straight line, f/p - killer bee
Aim: a killer bee (lightly wounded)
You shoot an arrow. The arrow hits the killer bee.
The killer bee is moderately wounded.
* * * LOW HITPOINT WARNING * * *
You feel sick. The killer bee stings you.
* * * LOW HITPOINT WARNING * * *
The killer bee stings you.
* * * LOW HITPOINT WARNING * * *
* * * LOW HITPOINT WARNING * * *
You feel sick. The killer bee closely misses you. The killer bee stings you.
You die...

#.# #...........# #.#
#######...........# #.#
#....##...........# #.#
#....##.......##### #.#
#....##.......#
#.###....##.......#
#.......(.........#
#........y........#######
#.......@y(..............
#....#########'#########.
#....#########.#########.
#....'...................
#....#########.#########.
#....#########.##### #.
#.##...............# #.
#.##..########.###.# #.
#.##..#..........#.# #.


You could see 2 killer bees.

Vanquished Creatures
  The ghost of azzavlup the Carver, a novice MiAK of Lugonu (D:6)
  The ghost of Duffy the Chopper, an amateur NaFi (D:3)
  An ice beast (D:5)
  3 ogres (D:4)
  A howler monkey (D:4)
  A hound (D:5)
  2 orc wizards (D:5)
  An iguana (D:5)
  A worker ant (D:4)
  5 adders
  An ooze (D:3)
  An adder skeleton (D:4)
  3 leopard geckos
  6 orcs
  6 bats
  2 giant cockroaches (D:1)
  8 goblins
  5 hobgoblins
  3 jackals (D:2)
  11 kobolds
  3 quokkas
  6 frilled lizards
  5 rats
77 creatures vanquished.

Notes
Turn   | Place    | Note
-------+----------+-------------------------------------------
     0 | D:1      | Messajah the Centaur Hunter began the quest for the Orb.
     0 | D:1      | Reached XP level 1. HP: 17/17 MP: 1/1
   655 | D:1      | Reached XP level 2. HP: 24/24 MP: 2/2
   692 | D:1      | Reached skill level 6 in Bows
  1493 | D:2      | Found an iron altar of Okawaru.
  1501 | D:2      | Became a worshipper of Warmaster Okawaru
  1527 | D:2      | Reached XP level 3. HP: 28/29 MP: 3/3
  1773 | D:2      | Found a faded altar of an unknown god.
  1773 | D:2      | Found a white marble altar of Elyvilon.
  1778 | D:2      | Found a hazy altar of Hepliaklqana.
  1780 | D:2      | Found a blossoming altar of Fedhas.
  1782 | D:2      | Found a deep blue altar of Sif Muna.
  1831 | D:2      | Reached skill level 7 in Bows
  2719 | D:2      | Reached XP level 4. HP: 36/36 MP: 4/4
  3696 | D:3      | Noticed Duffy's ghost (amateur NaFi)
  3742 | D:3      | Killed Duffy's ghost
  3742 | D:3      | Reached * piety under Okawaru
  3742 | D:3      | Reached skill level 8 in Bows
  3742 | D:3      | Reached XP level 5. HP: 41/41 MP: 5/5
  4136 | D:4      | Reached skill level 9 in Bows
  4430 | D:4      | Found a hide-covered altar of Uskayaw.
  4588 | D:4      | Noticed an ogre
  4629 | D:4      | Killed an ogre
  4629 | D:4      | Reached skill level 10 in Bows
  4629 | D:4      | Reached XP level 6. HP: 30/48 MP: 6/6
  5556 | D:5      | Entered Level 5 of the Dungeon
  6034 | D:5      | Reached XP level 7. HP: 43/55 MP: 7/7
  6145 | D:4      | Reached skill level 11 in Bows
  6526 | D:5      | Reached ** piety under Okawaru
  6815 | D:6      | Noticed azzavlup's ghost (novice MiAK)
  6885 | D:6      | Killed azzavlup's ghost
  6885 | D:6      | Reached skill level 13 in Bows
  6885 | D:6      | Reached XP level 8. HP: 55/61 MP: 6/8
  7037 | D:6      | HP: 2/61 [killer bee (2)]
  7038 | D:6      | Slain by a killer bee

Vault maps used:
D:1:      tarquinn_simple_flora_water_d
D:2:      marbit_many_paths, chequers_temple_overflow_minitemple
D:4:      eat_drink_and_be_merry_uskayaw
D:5:      first_bread
D:6:      kennysheep_mini_moat

Skill      XL: |  1  2  3  4  5  6  7 |
---------------+----------------------+-----
Bows           | 6 7 8 10 13 | 13.2
Fighting       | |  2.0
Dodging        | |  1.3
Stealth        | |  0.4

Action                   |  1- 3 |  4- 6 |  7- 9 || total
-------------------------+-------+-------+-------++-------
Melee: Short sword       |   104 |    70 |     2 ||   176
       Kick              |    17 |    11 |     1 ||    29
 Fire: Shortbow          |    17 |    94 |    56 ||   167
Throw: Javelin           |       |     3 |       ||     3
  Eat: Chunk             |     4 |     9 |     1 ||    14
Armor: Leather armour    |    37 |    32 |     8 ||    77
Dodge: Dodged            |    53 |    29 |     8 ||    90
